 Dungeon Crawl Stone Soup version 0.24-a0-346-ge062c78e24 (webtiles) character file.

Game seed: 5098761925007957936

3817 MisterOstroum the Thrower (level 9, -1/93 HPs)
             Began as a Troll Hunter on May 22, 2019.
             Was a Priest of Okawaru.
             Slain by a hornet (4 damage)
             ... on level 8 of the Dungeon.
             The game lasted 00:16:53 (5882 turns).

MisterOstroum the Thrower (Troll Hunter)            Turns: 5882, Time: 00:16:54

Health: -1/93      AC:  6    Str: 25    XL:     9   Next: 97%
Magic:  8/8        EV: 10    Int:  7    God:    Okawaru [***...]
Gold:   388        SH:  0    Dex: 15    Spells: 7/8 levels left

rFire    . . .     SeeInvis +     - Unarmed
rCold    . . .     Gourm    +   (no shield)
rNeg     . . .     Faith    .   s - +0 robe
rPois    .         Spirit   .   (helmet restricted)
rElec    .         Reflect  .   (no cloak)
rCorr    .         Harm     .   (gloves unavailable)
MR       .....                  (boots unavailable)
Stlth    ++........             A - amulet of magic regeneration
HPRegen  0.65/turn              t - ring of see invisible
MPRegen  0.36/turn              u - +5 ring of dexterity

@: hasted and slowed
A: large, unfitting armour, claws 3, fast metabolism 3, gourmand, regeneration
1, shaggy fur 1, tough skin 3
a: Heroism, Renounce Religion


You were on level 8 of the Dungeon.
You worshipped Okawaru.
Okawaru was most pleased with you.
You were completely stuffed.

You visited 1 branch of the dungeon, and saw 8 of its levels.

You collected 388 gold pieces.

Inventory:

Hand Weapons
 h - a +0 short sword
 j - a +2 dagger of venom
Missiles
 a - 130 stones (quivered)
 b - 7 large rocks
 c - 18 poisoned darts
 d - 2 throwing nets {!f}
Armour
 s - a +0 robe (worn)
 I - a +0 cloak
Jewellery
 q - an uncursed ring of ice
 t - a ring of see invisible (left claw)
 u - a +5 ring of dexterity (right claw)
 A - an amulet of magic regeneration (around neck)
Wands
 n - a wand of disintegration (6)
 y - a wand of flame (23)
 B - a wand of random effects (20)
 C - a wand of acid (9)
Scrolls
 f - 4 scrolls of identify {@r1}
 l - 2 scrolls of magic mapping {unknown}
 r - 3 scrolls of teleportation {unknown}
 w - 2 scrolls of random uselessness {unknown}
 x - a scroll of remove curse {unknown}
 z - a scroll of amnesia {unknown}
 F - a scroll of fog {unknown}
 J - a scroll of blinking {unknown}
Potions
 g - 4 potions of curing {@q1 !q}
 i - 2 potions of haste
 k - 2 potions of brilliance {unknown}
 m - a potion of agility {unknown}
 o - a potion of cancellation {unknown}
 p - 2 potions of flight
 v - a potion of berserk rage {unknown}
 D - 2 potions of heal wounds {unknown}
 E - a potion of magic {unknown}
 G - 2 potions of degeneration {unknown}
Comestibles
 e - 20 rations
 H - 4 chunks of flesh


   Skills:
 + Level 7.1 Fighting
 + Level 8.4 Throwing
 - Level 1.5 Dodging
 - Level 0.3 Stealth
 + Level 8.2 Unarmed Combat


You had 7 spell levels left.
You knew the following spells:

 Your Spells              Type           Power        Failure   Level  Hunger
a - Infusion              Chrm           #...         43%         1    ##.....

Your spell library contained the following spells:

 Spells                   Type           Power        Failure   Level  Hunger
 Shroud of Golubria       Chrm/Tloc      #.........   56%         2    ###....
 Song of Slaying          Chrm           #.......     56%         2    ###....
 Regeneration             Chrm/Necr      #.........   80%         3    ####...
 Spectral Weapon          Hex/Chrm       #.......     80%         3    ####...


Dungeon Overview and Level Annotations

Branches:
Dungeon (8/15)             Temple (0/1) D:5
   Lair: D:8-11

Altars:
Cheibriados
Dithmenos
Fedhas
Gozag
Hepliaklqana
Makhleb
Okawaru
Qazlal
Ru
Sif Muna
Uskayaw
Yredelemnul
The Shining One

Shops:
D:6 %

Annotations:
D:3 2 runed translucent doors, Crazy Yiuf
D:5 2 transporters


Innate Abilities, Weirdness & Mutations

You are too large for most types of armour.
You have claws for hands.
Your metabolism is lightning-fast.
You like to eat raw meat.
Your natural rate of healing is unusually fast.
You are covered in fur. (AC +1)
You have extremely tough skin. (AC +3)


Message History

Press: ? - help, Shift-Dir - straight line, f/p - kobold
Aim: a kobold, wielding a +0 club You throw a stone.
The stone barely misses the kobold.
The kobold shouts!
The stone hits the hornet but does no damage.
Throwing (i - inventory. (/) - cycle)
a - 134 stones (quivered)
Press: ? - help, Shift-Dir - straight line, f/p - kobold
Aim: a kobold, wielding a +0 club You throw a stone.
The stone barely misses the kobold.
The stone hits the hornet.
The hornet is lightly wounded.
Throwing (i - inventory. (/) - cycle)
a - 133 stones (quivered)
Press: ? - help, Shift-Dir - straight line, f/p - kobold
Aim: a kobold, wielding a +0 club You throw a stone.
The stone hits the kobold.
You kill the kobold!
A kobold comes into view. It is wielding a +0 club.
The big kobold throws a stone.
The stone hits you.
Throwing (i - inventory. (/) - cycle)
a - 132 stones (quivered)
Press: ? - help, Shift-Dir - straight line, f - hornet
Aim: a hornet (lightly wounded)
You throw a stone. The kobold shouts!
The stone hits the hornet.
The hornet is lightly wounded.
Throwing (i - inventory. (/) - cycle)
a - 131 stones (quivered)
Press: ? - help, Shift-Dir - straight line, f/p - hornet
Aim: a hornet (lightly wounded)
You throw a stone. The stone closely misses the hornet.
The stone barely misses the kobold.
The stone hits the kobold!
You kill the kobold!
You closely miss the hornet.
The hornet is lightly wounded.
The hornet stings you.
You feel yourself slow down.
A kobold comes into view.
The hornet stings you!
You are poisoned.
You feel as though you will be slow longer.
The kobold shouts!
You scratch the hornet.
The hornet is moderately wounded.
You feel sick. The hornet closely misses you.
You scratch the hornet. Your claw misses the hornet.
The hornet is heavily wounded.
You feel sick. The hornet stings you.
You are more poisoned.
You feel as though you will be slow longer.
The hornet stings you!
You are more poisoned.
You feel as though you will be slow longer.
The kobold barely misses you. The hornet stings you.
You feel as though you will be slow longer.
You scratch the hornet.
The hornet is heavily wounded.
You feel very sick.
The hornet stings you but does no damage.
The hornet stings you.
You are more poisoned.
You suddenly lose the ability to move!
You feel very sick. The hornet stings you!
You feel as though you will be slow longer.
You can move again.
Really quaff
g - 6 potions of curing {@q1 !q}?
You feel better. The hornet stings you!
You feel as though you will be slow longer.
The hornet stings you but does no damage.
The big kobold hits you but does no damage.
The kobold closely misses you.
You feel yourself speed up. The hornet misses you.
The big kobold hits you but does no damage.
The hornet completely misses you. The kobold hits you but does no damage.
The big kobold hits you with a +0 dagger.
The hornet stings you!
You feel as though you will be slow longer.
The big kobold throws a stone.
The stone barely misses you. The hornet closely misses you.
The hornet closely misses you. The hornet stings you.
You feel as though you will be slow longer.
The kobold throws a stone.
The stone barely misses you. The hornet stings you!
* * * LOW HITPOINT WARNING * * *
You feel as though you will be slow longer.
You see here a ring mail.
Really quaff
g - 5 potions of curing {@q1 !q}?
You feel better. The hornet completely misses you. The hornet misses you.
Okay, then.
You claw the hornet!
The hornet is severely wounded.
The hornet stings you!
* * * LOW HITPOINT WARNING * * *
You suddenly lose the ability to move!
The hornet stings you!
* * * LOW HITPOINT WARNING * * *
You feel as though you will be slow longer.
You can move again.
You barely miss the hornet.
The hornet is severely wounded.
The hornet completely misses you. The hornet stings you.
You die...

#.... #....
############
#....##.....##...##
#....##...........# #+
#....##.....[.....#
..##....##.[##@###...#
........##'###y###...#
..........)..#KK.....#
.##.........#K.(....#
#....##...#.......#
#....##...#.......#
+.........#......##
### #....##########..#
...# #....#
.######..##....##


You could see a hornet, a big kobold and 2 kobolds.

Vanquished Creatures
  A two-headed ogre (D:8)
  Grinder (D:4)
  A hippogriff (D:7)
  A wyvern (D:8)
  Menkaure (D:7)
  Edmund (D:4)
  3 orc warriors
  An ice beast (D:5)
  2 ogres
  A centaur (D:8)
  Blork the orc (D:5)
  4 bullfrogs
  A wyvern skeleton (D:6)
  2 scorpions
  3 wights (D:6)
  2 howler monkeys
  3 crimson imps
  2 jellies
  4 orc priests
  3 hounds
  6 orc wizards
  A gnoll shaman (D:7)
  Jessica (D:3)
  Natasha (thrice) (D:3)
  7 worker ants
  A hound zombie (D:5)
  13 adders
  5 gnolls (D:7)
  3 shadow imps
  An ooze (D:4)
  2 adder zombies
  2 adder skeletons
  5 worms
  A dart slug (D:1)
  2 leopard geckos
  18 orcs
  A giant cockroach (D:2)
  2 gnoll zombies (D:3)
  6 goblins
  3 hobgoblins
  3 jackals (D:3)
  11 kobolds
  6 quokkas
  3 bats
  5 frilled lizards
  A leopard gecko zombie (D:6)
  2 rats
152 creatures vanquished.

Notes
Turn   | Place    | Note
-------+----------+-------------------------------------------
     0 | D:1      | MisterOstroum the Troll Hunter began the quest for the Orb.
     0 | D:1      | Reached XP level 1. HP: 19/19 MP: 0/0
   268 | D:1      | Reached XP level 2. HP: 28/28 MP: 1/1
   280 | D:1      | Reached skill level 1 in Unarmed Combat
   631 | D:2      | Reached XP level 3. HP: 34/35 MP: 2/2
   789 | D:2      | You fall into a shaft and drop 2 floors!
   798 | D:4      | Reached XP level 4. HP: 44/44 MP: 3/3
   800 | D:4      | Noticed an orc warrior
   806 | D:4      | Killed an orc warrior
   806 | D:4      | Reached XP level 5. HP: 41/53 MP: 4/4
  1365 | D:3      | Reached XP level 6. HP: 60/61 MP: 5/5
  1370 | D:3      | Found a basalt altar of Yredelemnul.
  1628 | D:3      | Found a glowing golden altar of the Shining One.
  1630 | D:3      | Found a runed translucent door.
  1630 | D:3      | Noticed an angel
  1668 | D:3      | Noticed Natasha
  1672 | D:3      | Killed Natasha
  1766 | D:3      | Found a runed translucent door.
  1767 | D:3      | Noticed Crazy Yiuf
  1788 | D:3      | Found a blossoming altar of Fedhas.
  1791 | D:3      | Found a stormy altar of Qazlal.
  1878 | D:3      | Noticed Natasha
  1883 | D:3      | Killed Natasha
  1883 | D:3      | Reached skill level 5 in Throwing
  1899 | D:3      | Noticed Jessica
  1909 | D:3      | Killed Jessica
  1980 | D:3      | Noticed Natasha
  1984 | D:3      | Killed Natasha
  2183 | D:4      | Noticed Grinder
  2195 | D:4      | Killed Grinder
  2195 | D:4      | Reached XP level 7. HP: 38/70 MP: 6/6
  2329 | D:4      | Found a hazy altar of Hepliaklqana.
  2329 | D:4      | Found a shadowy altar of Dithmenos.
  2331 | D:4      | Found an opulent altar of Gozag.
  2502 | D:4      | Found an iron altar of Okawaru.
  2543 | D:4      | Found a deep blue altar of Sif Muna.
  2546 | D:4      | Became a worshipper of Warmaster Okawaru
  2653 | D:4      | Noticed Edmund
  2679 | D:4      | Killed Edmund
  2952 | D:5      | Entered Level 5 of the Dungeon
  2976 | D:5      | Noticed Blork the orc
  2991 | D:5      | Killed Blork the orc
  2991 | D:5      | Reached skill level 5 in Unarmed Combat
  3037 | D:5      | Found a staircase to the Ecumenical Temple.
  3062 | D:5      | Reached XP level 8. HP: 79/79 MP: 7/7
  3346 | D:5      | Found a transporter.
  3378 | D:5      | Found a transporter.
  3591 | D:5      | Reached skill level 5 in Fighting
  3626 | D:5      | Reached * piety under Okawaru
  4106 | D:6      | Learned a level 1 spell: Infusion
  4205 | D:6      | Found a burning altar of Makhleb.
  4206 | D:6      | Reached XP level 9. HP: 89/89 MP: 8/8
  4420 | D:6      | Found Bouczougri's Food Shoppe.
  4433 | D:6      | Found a hide-covered altar of Uskayaw.
  4441 | D:6      | Reached ** piety under Okawaru
  4617 | D:7      | Found a sacrificial altar of Ru.
  4688 | D:7      | Noticed Menkaure
  4692 | D:7      | Killed Menkaure
  4959 | D:7      | Found a snail-covered altar of Cheibriados.
  5592 | D:8      | Noticed a two-headed ogre
  5614 | D:8      | Killed a two-headed ogre
  5614 | D:8      | Reached *** piety under Okawaru
  5614 | D:8      | Received a gift from Okawaru
  5866 | D:8      | Paralysed by a hornet for 2 turns
  5880 | D:8      | Paralysed by a hornet for 1 turns
  5881 | D:8      | HP: 2/93 [hornet (16)]
  5882 | D:8      | Slain by a hornet

Levels and vault maps discovered:
D:1:      nicolae_arrival_washed_ashore, layout_rooms
D:2:      layout_loops_ring, first_ration
D:3:      layout_basic, grunt_temple_overflow_forces_of_nature,
          lemuel_zombie_altar_yredelemnul, lemuel_angel_altar, uniq_natasha,
          uniq_jessica, uniq_crazy_yiuf_cottage
D:4:      layout_gridville, grunt_temple_overflow_open, serial_glass,
          glass_columns_b, glass_columns_c, glass_columns_a, glass_columns_c,
          glass_columns_a, glass_columns_b, glass_columns_a, glass_columns_a,
          uniq_grinder, uniq_edmund
D:5:      gammafunk_cloud_chamber, layout_basic,
          minmay_temple_entry_drinking_statues, hangedman_abyss_or_decor_slice,
          minmay_manual_mail, uniq_blork_the_orc
D:6:      layout_rooms, makhleb_grotto_becter, marbit_many_paths, serial_shops,
          nicolae_shop_waterfront, abandoned_shop
D:7:      layout_gridville, nicolae_ru_awakened_eye, cheibrodos_worm_habitat,
          uniq_menkaure
D:8:      layout_gridville, nicolae_overflow_crystal_walls, special_room
          [special_room_orc], grunt_ogre_cave

Skill      XL: |  1  2  3  4  5  6  7  8  9 |
---------------+----------------------------+-----
Unarmed Combat | 1 2 3 4 5 6 8 |  8.2
Fighting       | 2 3 4 5 7 |  7.1
Throwing       | 4 5 6 7 8 |  8.4
Dodging        | |  1.5
Stealth        | |  0.3

Action                   |  1- 3 |  4- 6 |  7- 9 || total
-------------------------+-------+-------+-------++-------
Melee: Short sword       |    61 |    54 |       ||   115
       Punch             |     1 |       |     2 ||     3
       Dagger            |       |       |    56 ||    56
       Unarmed           |       |       |   171 ||   171
Throw: Large rock        |     6 |    16 |    29 ||    51
       Boomerang         |       |    37 |    18 ||    55
       Stone             |       |    17 |   198 ||   215
       Throwing net      |       |       |     3 ||     3
       Dart              |       |       |     9 ||     9
 Cast: Infusion          |       |       |     1 ||     1
Invok: Heroism           |       |       |     1 ||     1
Evoke: Wand              |       |    13 |       ||    13
  Use: Scroll            |       |       |     7 ||     7
       Potion            |       |       |     3 ||     3
 Stab: Held in net/web   |       |       |     1 ||     1
       Sleeping          |       |       |     1 ||     1
  Eat: Chunk             |     5 |    20 |    34 ||    59
Armor: Robe              |    21 |    17 |    64 ||   102
Dodge: Dodged            |    32 |    28 |   103 ||   163

Table legend:
 A = Non-vault XP
 B = Vault XP
 C = Vault XP percentage of total XP
 D = Non-vault monster count
 E = Vault monster count
 F = Vault count percentage of total count
                 A         B        C        D         E       F
            +---------+---------+-------+---------+---------+-------
      Total |    4317 |    1136 |  20.8 |     135 |      17 |  11.2
            +---------+---------+-------+---------+---------+-------
        D:1 |      26 |       0 |   0.0 |      14 |       0 |   0.0
        D:2 |      40 |       0 |   0.0 |      11 |       0 |   0.0
        D:3 |     131 |      78 |  37.3 |      19 |       4 |  17.4
        D:4 |     563 |     441 |  43.9 |      19 |       2 |   9.5
        D:5 |     551 |     271 |  33.0 |      22 |       7 |  24.1
        D:6 |     963 |      50 |   4.9 |      20 |       1 |   4.8
        D:7 |     743 |     174 |  19.0 |      18 |       2 |  10.0
        D:8 |    1300 |     122 |   8.6 |      12 |       1 |   7.7
            +---------+---------+-------+---------+---------+-------
